 Dungeon Crawl Stone Soup version 0.25-a0-576-g50b708a4c4 (webtiles) character file.

Game seed: 2954491526248541186, levelgen mode: deterministic

1997 Flugslaktarn the Cleaver (level 9, -9/81 HPs)
             Began as a Deep Dwarf Fighter on Mar 1, 2020.
             Was a Follower of Makhleb.
             Mangled by a two-headed ogre
             ... wielding a +0 dire flail
              (13 damage)
             ... on level 9 of the Dungeon.
             The game lasted 00:02:06 (2744 turns).

Flugslaktarn the Cleaver (Deep Dwarf Fighter)       Turns: 2744, Time: 00:02:06

Health: -9/81      AC: 13    Str: 23    XL:     9   Next: 2%
Magic:  9/9        EV:  6    Int:  9    God:    Makhleb [*.....]
Gold:   152        SH:  0    Dex: 12    Spells: 8/8 levels left

rFire    . . .     SeeInvis .   B - +0 battleaxe
rCold    . . .     Gourm    .   (shield currently unavailable)
rNeg     . . .     Faith    .   i - +0 plate armour
rPois    .         Spirit   .   g - +0 helmet
rElec    .         Reflect  .   (no cloak)
rCorr    .         Harm     .   (no gloves)
MR       +....                  (no boots)
Stlth    ..........             (no amulet)
HPRegen  0.00/turn              (no ring)
MPRegen  0.11/turn              (no ring)

@: non-regenerating, heavily drained
A: damage resistance, heal wounds, sense surroundings 2, no regeneration
a: Heal Wounds, Renounce Religion


You were on level 9 of the Dungeon.
You worshipped Makhleb.
Makhleb was aware of your devotion.
You were not hungry.

You visited 2 branches of the dungeon, and saw 8 of its levels.

You collected 152 gold pieces.

Inventory:

Hand Weapons
 a - a +0 war axe
 B - a +0 battleaxe (weapon)
   (You took it off an orc warrior on level 9 of the Dungeon)
Missiles
 s - 2 throwing nets (quivered)
Armour
 b - a +0 scale mail
 c - a +0 kite shield
 g - a +0 helmet (worn)
   (You took it off Robin on level 2 of the Dungeon)
 i - a +0 plate armour (worn)
   (You found it on level 2 of the Dungeon)
Jewellery
 m - an uncursed ring of protection from magic {unknown}
   (You found it on level 4 of the Dungeon)
Wands
 y - a wand of scattershot (4)
   (You found it on level 5 of the Dungeon)
Scrolls
 f - 5 scrolls of remove curse {unknown}
 l - 2 scrolls of immolation {unknown}
 n - a scroll of random uselessness {unknown}
 o - a scroll of enchant armour {unknown}
 p - 2 scrolls of identify {unknown}
 r - 4 scrolls of fear {unknown}
 x - 5 scrolls of enchant weapon {unknown}
Potions
 d - a potion of might
 h - 2 potions of haste
 j - a potion of lignification {unknown}
 k - 2 potions of cancellation {unknown}
 q - a potion of ambrosia {unknown}
 t - a potion of berserk rage {unknown}
 u - a potion of degeneration {unknown}
 v - a potion of resistance {unknown}
 w - 2 potions of heal wounds
 z - a potion of stabbing {unknown}
Comestibles
 e - 4 rations
 A - 12 chunks of flesh


   Skills:
 + Level 5.4(3.4) Fighting
 * Level 8.3(6.1) Axes
 + Level 6.5(4.4) Armour
 - Level 5.5(3.4) Shields
 + Level 4.8(2.8) Invocations


You had 8 spell levels left.
You didn't know any spells.
Your spell library was empty.

Dungeon Overview and Level Annotations

Branches:
Dungeon (6/15)             Temple (1/1) D:5            Lair (0/6) D:9
    Orc (0/2) D:9

Altars:
Dithmenos
Elyvilon
Fedhas
Hepliaklqana
Kikubaaqudgha
Makhleb
Nemelex Xobeh
Okawaru
Qazlal
Ru
Sif Muna
Trog
Uskayaw
Wu Jian
Yredelemnul
Zin
The Shining One

Shops:
D:5 [


Innate Abilities, Weirdness & Mutations

You are resistant to damage.
You can heal yourself by infusing magical energy.
You passively map the area around you.
You do not regenerate.


Message History

The two-headed ogre hits you with a +0 dire flail!
* * * LOW HITPOINT WARNING * * *
The two-headed ogre hits you with a +0 dire flail of draining.
* * * LOW HITPOINT WARNING * * *
You feel drained.
You are too injured to fight recklessly!
You are too injured to fight recklessly!
A two-headed ogre is nearby!
A two-headed ogre is nearby!
Your plate armour prevents you from hitting the two-headed ogre.
The two-headed ogre is almost dead.
The two-headed ogre hits you with a +0 dire flail!
* * * LOW HITPOINT WARNING * * *
The two-headed ogre hits you with a +0 dire flail of draining.
You feel drained.
You hit the two-headed ogre but do no damage.
The two-headed ogre is severely wounded.
The two-headed ogre hits you with a +0 dire flail.
The two-headed ogre hits you with a +0 dire flail of draining!
You die...

* * > , , , *
** ..#.## , *
.#.#.## * *,
......#
.....#. *
*.......
.....,#
###O.#...., ,
,, #.@...# *
, * *
#.#####* , **
* #.# * , *
#.# * ** * *
#.# , , * *
########.##
*** ,≈ ≈
..........#
,*
≈≈≈....≈.≈..#
≈ ≈
≈≈≈..≈≈≈..#


You could see a two-headed ogre.

Vanquished Creatures
  A troll (D:9)
  2 orc warriors (D:9)
  A black bear (D:6)
  A wolf (D:9)
  2 ogres
  2 centaurs (D:5)
  A bullfrog (D:6)
  A scorpion (D:4)
  3 wights (D:6)
  3 howler monkeys
  An electric eel (D:9)
  4 crimson imps
  3 jellies
  6 hounds (D:9)
  A centaur skeleton (D:5)
  An iguana (D:6)
  Ijyb (D:4)
  5 worker ants
  A worker ant zombie (D:5)
  Robin (D:2)
  5 adders
  2 adder skeletons
  A worm (D:4)
  8 orcs
  2 ball pythons
  2 bats
  2 giant cockroaches (D:4)
  11 goblins (D:2)
  2 hobgoblins
  6 jackals
  2 kobolds
  2 quokkas
  A jackal skeleton (D:4)
  A quokka skeleton (D:5)
88 creatures vanquished.

Vanquished Creatures (others)
  An adder skeleton (D:9)
1 creature vanquished.

Grand Total: 89 creatures vanquished

Notes
Turn   | Place    | Note
-------+----------+-------------------------------------------
     0 | D:1      | Flugslaktarn the Deep Dwarf Fighter began the quest for the
                  | Orb.
     0 | D:1      | Reached XP level 1. HP: 20/20 MP: 1/1
   140 | D:2      | Noticed Robin
   144 | D:2      | Reached XP level 2. HP: 21/27 MP: 2/2
   158 | D:2      | Killed Robin
   158 | D:2      | Reached skill level 3 in Axes
   158 | D:2      | Reached XP level 3. HP: 21/33 MP: 3/3
   383 | D:3      | Reached XP level 4. HP: 16/42 MP: 4/4
   543 | D:4      | Noticed Ijyb
   560 | D:4      | Killed Ijyb
   701 | D:4      | Reached skill level 4 in Axes
   701 | D:4      | Reached XP level 5. HP: 31/49 MP: 4/4
   742 | D:4      | Found a basalt altar of Yredelemnul.
  1013 | D:4      | Noticed an ogre
  1018 | D:4      | Killed an ogre
  1018 | D:4      | Reached XP level 6. HP: 50/57 MP: 5/5
  1164 | D:5      | Entered Level 5 of the Dungeon
  1230 | D:5      | Reached skill level 5 in Axes
  1341 | D:5      | Found a glowing golden altar of the Shining One.
  1427 | D:5      | Found a staircase to the Ecumenical Temple.
  1434 | D:5      | Reached XP level 7. HP: 30/64 MP: 6/6
  1454 | Temple   | Entered the Ecumenical Temple
  1511 | Temple   | Became a worshipper of Makhleb the Destroyer
  1544 | D:5      | Reached skill level 5 in Armour
  1544 | D:5      | Reached skill level 5 in Shields
  1606 | D:5      | Found Deruj's Antique Armour Boutique.
  2017 | D:5      | Reached skill level 6 in Axes
  2017 | D:5      | Reached skill level 1 in Invocations
  2376 | D:6      | Reached XP level 8. HP: 30/73 MP: 7/7
  2429 | D:6      | Reached * piety under Makhleb
  2493 | D:6      | Found a blossoming altar of Fedhas.
  2515 | D:6      | Reached skill level 7 in Axes
  2542 | D:6      | Found a white marble altar of Elyvilon.
  2558 | D:6      | You fall into a shaft and drop 3 floors!
  2558 | D:9      | Noticed a troll
  2615 | D:9      | Killed a troll
  2615 | D:9      | Reached skill level 5 in Fighting
  2619 | D:9      | Reached skill level 8 in Axes
  2700 | D:9      | Gained mutation: You passively map the area around you.
                  | [Deep Dwarf growth]
  2700 | D:9      | Reached XP level 9. HP: 43/81 MP: 9/9
  2728 | D:9      | Noticed a two-headed ogre
  2743 | D:9      | HP: 4/81 [two-headed ogre/+0 dire flail (14)]
  2744 | D:9      | Mangled by a two-headed ogre

Levels and vault maps discovered:
D:1:      nagdon_arrival_double_spiral, layout_rooms
D:2:      layout_basic, vehumet_crystals, first_ration, uniq_robin, uniq_natasha
D:3:      layout_loops_corners
D:4:      layout_gridville, yredelemnul_altar_generic, uniq_ijyb
D:5:      layout_basic, tso_oasis_becter, minmay_temple_entry_mist,
          serial_curves, eino_curves_04, eino_curves_01, eino_curves_04,
          serial_shops, shop
D:6:      layout_loops_cross, kennysheep_mini, kennysheep_mini_moat, trog_book
D:9:      layout_loops_ring, gammafunk_temple_overflow_elements,
          erik_lair_island
Temple:   cyrus_circular_temple

Skill      XL: |  1  2  3  4  5  6  7  8 |
---------------+-------------------------+-----
Axes           | 3 4 5 6 8 |  8.3
Fighting       | 3 4 5 |  5.4
Armour         | 4 5 6 |  6.5
Shields        | 4 5 |  5.5
Invocations    | 2 4 |  4.8

Action                   |  1- 3 |  4- 6 |  7- 9 || total
-------------------------+-------+-------+-------++-------
Melee: War axe           |    63 |   104 |   218 ||   385
       Battleaxe         |       |       |    29 ||    29
 Abil: Heal Wounds       |     2 |     3 |    12 ||    17
Evoke: Wand              |       |       |     2 ||     2
  Eat: Chunk             |       |     2 |     5 ||     7
Armor: Scale mail        |    22 |       |       ||    22
       Plate armour      |    20 |    78 |   186 ||   284
Dodge: Dodged            |    16 |    14 |    59 ||    89
Block: Kite shield       |    43 |    56 |   153 ||   252

Table legend:
 A = Non-vault XP
 B = Vault XP
 C = Vault XP percentage of total XP
 D = Non-vault monster count
 E = Vault monster count
 F = Vault count percentage of total count
                 A         B        C        D         E       F
            +---------+---------+-------+---------+---------+-------
      Total |    2100 |     753 |  26.4 |      66 |      22 |  25.0
            +---------+---------+-------+---------+---------+-------
        D:1 |       8 |       0 |   0.0 |       4 |       0 |   0.0
        D:2 |       1 |      37 |  97.4 |       1 |      13 |  92.9
        D:3 |      51 |       0 |   0.0 |       4 |       0 |   0.0
        D:4 |     297 |      36 |  10.8 |      14 |       1 |   6.7
        D:5 |     641 |       0 |   0.0 |      14 |       0 |   0.0
        D:6 |     721 |       0 |   0.0 |      15 |       0 |   0.0
        D:9 |     381 |     680 |  64.1 |      14 |       8 |  36.4
            +---------+---------+-------+---------+---------+-------
